 Dungeon Crawl Stone Soup version 0.30-a0-760-g5a9884bb7c (webtiles) character file.

Game seed: 17612787863233599385

256 mopl the Sneak (level 6, -2/29 (30) HPs)
             Began as a Vine Stalker Brigand on Feb 10, 2023.
             Was an Initiate of Dithmenos.
             Slain by a hell rat (5 damage)
             ... in a sewer.
             The game lasted 00:05:02 (2517 turns).

mopl the Sneak (Vine Stalker Brigand)               Turns: 2517, Time: 00:05:03

HP:   -2/29 (30)    AC:  4    Str: 13    XL:     6   Next: 15%
MP:   0/7           EV: 11    Int: 11    God:    Dithmenos [......]
Gold: 258           SH:  0    Dex: 18    Spells: 5/5 levels left

rFire   . . .      SeeInvis .    a - +3 dagger
rCold   + . .      Faith    .    (no shield)
rNeg    . . .      Spirit   +    x - +0 robe {rC+}
rPois   +          Reflect  .    w - +0 helmet
rElec   .          Harm     .    c - +0 cloak
rCorr   .          Rampage  .    (no gloves)
Will    .....                    (no boots)
Stlth   ++++                     (no amulet)
HPRegen 1.04/turn                o - ring of flight
MPRegen 0.10/turn                z - ring of poison resistance

@: flying, lightly drained
A: fangs 2, regeneration 1, magic shield, antimagic bite, no potion heal 2
a: Renounce Religion


You were in a sewer.
You worshipped Dithmenos.
Dithmenos was noncommittal.
You visited 1 branch of the dungeon, and saw 4 of its levels.
You also visited: Sewer.

You collected 258 gold pieces.

Inventory:

Hand Weapons
 a - a +3 dagger (weapon)
 b - a +2 spear of venom
 t - a +2 dagger
Missiles
 d - 25 poisoned darts (quivered)
 e - 2 curare-tipped darts
Armour
 c - a +0 cloak (worn)
 w - a +0 helmet (worn)
 x - a +0 robe of cold resistance (worn)
Jewellery
 n - a ring of fire
 o - a ring of flight (left hand)
 z - a ring of poison resistance (right hand)
Wands
 r - a wand of roots (2)
Scrolls
 f - 3 scrolls of identify {unknown}
 g - a scroll of magic mapping {unknown}
 h - 2 scrolls of fog {unknown}
 j - a scroll of vulnerability {unknown}
 l - 2 scrolls of teleportation {unknown}
 m - a scroll of blinking {unknown}
 y - a scroll of amnesia {unknown}
 A - a scroll of noise {unknown}
Potions
 i - 3 potions of curing
 k - a potion of flight {unknown}
 p - a potion of ambrosia {unknown}
 q - a potion of attraction {unknown}
 s - 2 potions of heal wounds {unknown}
 u - a potion of cancellation {unknown}
 v - a potion of resistance {unknown}
 B - a potion of degeneration {unknown}
 C - a potion of haste {unknown}
 D - a potion of lignification {unknown}


   Skills:
 - Level 1.7 Fighting
 + Level 3.5 Short Blades
 + Level 3.5 Throwing
 - Level 0.7 Dodging
 + Level 6.6 Stealth


You had 5 spell levels left.
You didn't know any spells.
Your spell library was empty.

Dungeon Overview and Level Annotations

Branches:
Dungeon (4/15)              Sewer (1/1)
 Temple: D:4-7

Altars:
Dithmenos
Gozag
Nemelex Xobeh
Okawaru
Vehumet
Wu Jian
Xom
Yredelemnul
Zin
The Shining One

Shops:
D:3 (


Innate Abilities, Weirdness & Mutations

You have extremely sharp teeth.
Your natural rate of healing is unusually fast.
When hurt, damage is shared between your health and your magic reserves.
Your bite disrupts and absorbs the magic of your enemies.
Potions cannot restore your health.


Message History

No target in view!
You see here a rat corpse.
You see here a rat corpse.
You reach down and open the door.
A hell rat comes into view.
Found seven items.
Found a gate leading back out of this place.
The hell rat roars deafeningly!
There is an open door here.
You hit the hell rat. You bite the hell rat. You drain its power.
The hell rat is moderately wounded.
The hell rat bites you.
You hit the hell rat. Your bite misses the hell rat.
The hell rat is heavily wounded.
The hell rat bites you!
You feel drained.
You hit the hell rat but do no damage.
The hell rat is heavily wounded.
The hell rat bites you!
You are too injured to fight recklessly!
You are too injured to fight recklessly!
You hit the hell rat.
The hell rat is severely wounded.
You hit the hell rat.
The hell rat is almost dead.
The hell rat bites you!
* * * LOW HITPOINT WARNING * * *
You barely miss the hell rat.
You bite the hell rat, but do no damage.
The hell rat is almost dead.
The hell rat splashes around in the water.
You hit the hell rat. Your bite misses the hell rat.
The hell rat is almost dead.
The hell rat closely misses you.
Throw: 3 darts (curare)
Press: ? - help, Shift-Dir - straight line, f - hell rat
Aim: a hell rat (almost dead, 62% to hit)
You throw a curare-tipped dart.
The curare-tipped dart barely misses the hell rat.
The hell rat bites you.
You die...

###~..###
#~~...~~#
##..~~~.~##
#.~~###..~#
##.~##~##~~##
#~~~#.~.#...#
#~~##!~~##.~#
#~~#!)~~.#..#
#∩∩#∩?~~r@.~#
#~~#!?~~.#~.#
#~~##!~~##..#
#~~.#~..#†.~#
##.~##.##.~##
#~..###†~~#
##~~..~..##
#....~~~#
###...###


You could see a hell rat.

Vanquished Creatures
  Jessica (D:2)
  Robin (D:2)
  3 gnolls
  7 adders
  2 river rats (D:4)
  An ufetubus (D:4)
  4 worms
  3 dart slugs
  5 bats
  9 endoplasms
  4 giant cockroaches
  10 goblins (D:2)
  7 hobgoblins
  3 quokkas
  9 ball pythons
  4 frilled lizards
  11 kobolds
  11 rats
95 creatures vanquished.

Notes
Turn   | Place    | Note
-------+----------+-------------------------------------------
     0 | D:1      | mopl the Vine Stalker Brigand began the quest for the Orb.
     0 | D:1      | Reached XP level 1. HP: 11/11 MP: 2/2
   131 | D:1      | Reached skill level 2 in Short Blades
   131 | D:1      | Reached skill level 2 in Throwing
   131 | D:1      | Reached skill level 5 in Stealth
   140 | D:1      | Reached XP level 2. HP: 13/15 MP: 3/3
   683 | D:1      | Reached XP level 3. HP: 18/18 MP: 4/4
   939 | D:1      | Gained mutation: Your natural rate of healing is unusually
                  | fast. [Vine Stalker growth]
   939 | D:1      | Reached XP level 4. HP: 8/23 MP: 3/5
  1158 | D:2      | Noticed Jessica
  1170 | D:2      | Killed Jessica
  1171 | D:2      | Reached skill level 3 in Short Blades
  1171 | D:2      | Reached skill level 3 in Throwing
  1171 | D:2      | Reached skill level 6 in Stealth
  1171 | D:2      | Reached XP level 5. HP: 14/26 MP: 6/6
  1278 | D:2      | Noticed Robin
  1330 | D:2      | Killed Robin
  1647 | D:3      | Found Qiduepupia's Antique Weapon Shoppe.
  1748 | D:3      | Found an ornate altar of the Wu Jian Council.
  1754 | D:3      | Found an iron altar of Okawaru.
  1764 | D:3      | Found a shimmering altar of Xom.
  1767 | D:3      | Found a faded altar of an unknown god.
  2008 | D:3      | Found an opulent altar of Gozag.
  2170 | D:4      | Found a sparkling altar of Nemelex Xobeh.
  2264 | D:4      | Found a basalt altar of Yredelemnul.
  2273 | D:4      | Found a glowing silver altar of Zin.
  2274 | D:4      | Found a radiant altar of Vehumet.
  2332 | D:4      | Found a shadowy altar of Dithmenos.
  2335 | D:4      | Found a glowing golden altar of the Shining One.
  2343 | D:4      | Reached XP level 6. HP: 30/30 MP: 7/7
  2353 | D:4      | Became a worshipper of Dithmenos the Shadowed
  2460 | D:4      | Found a glowing drain.
  2465 | Sewer    | Entered a sewer
  2514 | Sewer    | HP: 1/29 [hell rat (12)]
  2517 | Sewer    | Slain by a hell rat

Illustrated notes

Levels and vault maps discovered:
D:1:      dpeg_arrival_three_smaller_balls, layout_loops_ring,
          kennysheep_nondescript, chequers_avenue
D:2:      layout_loops_ring, minmay_goblin_kobold_house, uniq_jessica,
          uniq_robin
D:3:      layout_basic, lemuel_tele_altar, mainiacjoe_overflow_six_doors_small,
          mainiacjoe_overflow_large_starburst,
          shapermc_ecumenical_altar_notcrosses, serial_shops,
          nicolae_shop_temple_entry_statues_fountains, minmay_misc_feat_cross
D:4:      layout_loops_corners, mainiacjoe_overflow_concentric_impassable,
          kennysheep_mini, grunt_dithmenos_smoke,
          mainiacjoe_overflow_divided_tiny, mainiacjoe_overflow_brackets,
          portal_sewer_entry_e, serial_bayou_lagoon_b
Sewer:    sewer_hellmonk_bad_rat

Skill      XL: |  1  2  3  4 |
---------------+-------------+-----
Short Blades   | 2 3 |  3.5
Throwing       | 2 3 |  3.5
Stealth        | 5 6 |  6.6
Fighting       | |  1.7
Dodging        | |  0.7

Action                     |  1- 3 |  4- 6 || total
---------------------------+-------+-------++-------
  Melee: Dagger            |    68 |   170 ||   238
         Bite              |    25 |    50 ||    75
         Punch             |     1 |       ||     1
  Throw: Dart              |       |     2 ||     2
   Stab: Sleeping          |     9 |     9 ||    18
 Armour: Robe              |     9 |    34 ||    43
  Dodge: Dodged            |    33 |    58 ||    91

Table legend: (Time is in decaauts)
 A = Elapsed time spent in this place.
 B = Non-inter-level travel time spent in this place.
 C = Inter-level travel time spent in this place.
 D = Time resting spent in this place.
 E = Time spent auto-exploring this place.
 F = Levels seen in this place.
 G = Mean time per level.
                   A        B        C        D        E       F      G
               +--------+--------+--------+--------+--------+-----+--------+
         Total |   2481 |   2377 |    104 |     17 |   1478 |   5 |  496.2 |
       Dungeon |   2432 |   2328 |    104 |     17 |   1478 |   4 |  608.0 |
         Sewer |     49 |     49 |      0 |      0 |      0 |   1 |   49.0 |
               +--------+--------+--------+--------+--------+-----+--------+

Top non-repeatable levels by time:
     D:1: 868 daAuts
     D:2: 724 daAuts
     D:3: 504 daAuts
     D:4: 335 daAuts
   Sewer: 49 daAuts
